 Dungeon Crawl Stone Soup version 0.19-a0-1361-g42bf4bf (webtiles) character file.

4813 Herrn the Magician (level 10, -1/138 HPs)
             Began as a Naga Fire Elementalist on Sept 2, 2016.
             Was an Elder of Okawaru.
             Slain by a hippogriff (4 damage)
             ... on level 7 of the Dungeon.
             The game lasted 00:39:41 (11140 turns).

Herrn the Magician (Naga Fire Elementalist)        Turns: 11140, Time: 00:39:41

Health: -1/138     AC: 25    Str: 10    XL:     10   Next: 48%
Magic:  20/20      EV:  1    Int: 23    God:    Okawaru [****..]
Gold:   374        SH:  0    Dex: 17    Spells: 1 memorised, 21 levels left

rFire  + . .     SeeInvis +     e - +0 broad axe
rCold  . . .     Gourm    .     (armour currently unavailable)
rNeg   + + +     Faith    +     (no shield)
rPois  +         Spirit   .     (helmet currently unavailable)
rElec  .         Dismiss  .     (cloak currently unavailable)
rCorr  .         Reflect  .     (gloves currently unavailable)
MR     +....     Harm     .     (no barding)
Stlth  ++........ NoTele   +    h - amulet of Incredulity {Faith rF+ rN+ Dex+4}
                                (no ring)
                                w - +1 ring of evasion

@: brilliant, tree-form, glowing
A: see invisible, (deformed body), (poison resistance), (slowness 0), slow
metabolism 1, spit poison 2, AC +3
a: Spit Poison, Heroism, Renounce Religion


You were on level 7 of the Dungeon.
You worshipped Okawaru.
Okawaru was greatly pleased with you.
You were near starving.
You were a tree.
You visited 2 branches of the dungeon, and saw 9 of its levels.
You also visited: Sewer.

You collected 407 gold pieces.
You spent 33 gold pieces at shops.

Inventory:

Hand Weapons
 e - a +0 broad axe (weapon)
 x - a +1 whip of freezing
 D - a +0 hand axe
 K - a +0 morningstar
Armour
 a - a +0 robe
 r - a +0 chain mail
 u - a +0 ice dragon armour
 y - a cursed +0 pair of gloves (melded)
 A - a +0 helmet (melded)
 C - a +2 robe of positive energy (melded)
Magical Staves
 I - an uncursed staff of summoning
Jewellery
 h - the amulet of Incredulity (around neck) {Faith rF+ rN+ Dex+4}
   (You took it off an orc on level 7 of the Dungeon)

   [amulet of faith]

   It allows you to gain divine favour quickly.
   It affects your dexterity (+4).
   It protects you from fire.
   It protects you from negative energy.
 w - a +1 ring of evasion (left branch)
 E - an uncursed amulet of dismissal
Wands
 n - a wand of lightning (0/15)
 z - a wand of acid (0/15)
Scrolls
 d - a scroll of identify
 f - 2 scrolls of immolation
 j - a scroll of recharging
 m - 2 scrolls of remove curse
 o - 2 scrolls of fog
 p - 3 scrolls of teleportation
 B - a scroll of enchant armour
 H - 2 scrolls of enchant weapon
Potions
 g - a potion of agility {unknown}
 i - a potion of heal wounds {unknown}
 l - a potion of invisibility
 q - a potion of degeneration {unknown}
 s - 4 potions of brilliance
 t - a potion of lignification
 v - a potion of berserk rage
 F - a potion of mutation {unknown}
Books
 b - a book of Flames

   Spells                             Type                      Level
   a - Flame Tongue                   Conjuration/Fire             1
   b - Throw Flame                    Conjuration/Fire             2
   c - Conjure Flame                  Conjuration/Fire             3
   d - Inner Flame                    Hexes/Fire                   3
   e - Sticky Flame                   Conjuration/Fire             4
   f - Fireball                       Conjuration/Fire             5
 G - a book of Clouds

   Spells                             Type                      Level
   a - Mephitic Cloud                 Conjuration/Poison/Air       3
   b - Conjure Flame                  Conjuration/Fire             3
   c - Poisonous Cloud                Conjuration/Poison/Air       6
   d - Freezing Cloud                 Conjuration/Ice/Air          6
   e - Ring of Flames                 Charms/Fire                  7
Comestibles
 c - 5 bread rations
 J - 2 beef jerkies
 L - 7 slices of pizza


   Skills:
 * Level 6.4 Fighting
 * Level 5.3 Axes
 + Level 2.3 Armour
 + Level 5.5 Dodging
 - Level 3.0 Stealth
 + Level 6.9 Spellcasting
 + Level 5.9 Conjurations
 - Level 5.0 Fire Magic


You had 21 spell levels left.
You knew the following spells:

 Your Spells              Type           Power        Failure   Level  Hunger
a - Flame Tongue          Conj/Fire      #####        1%          1    None


Dungeon Overview and Level Annotations

Branches:
Dungeon (8/15)             Temple (1/1) D:7            Lair (0/6) D:8

Altars:
Ashenzari
Cheibriados
Dithmenos
Elyvilon
Gozag
Hepliaklqana
Kikubaaqudgha
Makhleb
Nemelex Xobeh
Okawaru
Qazlal
Ru
Sif Muna
Trog
Uskayaw
Vehumet
Xom
Yredelemnul
Zin
The Shining One

Shops:
D:8 !%:[[

Annotations:
D:5 cuftamc98's ghost, novice FoFi
D:7 Expote's ghost, novice DrEn


Innate Abilities, Weirdness & Mutations

You cannot wear boots.
((Your serpentine skin is tough. (AC +3)))
You have supernaturally acute eyesight. (SInv)
((Armour fits poorly on your strangely shaped body.))
((Your system is resistant to poisons. (rPois)))
((You cover ground very slowly.))
You have a slow metabolism.
You can spit poison.


Message History

The hippogriff claws you but does no damage.
Unknown command.
It was a potion of berserk rage.
You're too hungry to go berserk.
Expote's ghost hits you but does no damage.
The hippogriff bites you but does no damage.
The hippogriff pecks you but does no damage.
The hippogriff claws you but does no damage.
Okay, then.
Unknown command.
Unknown command.
Unknown command.
You start eating one of the 7 slices of pizza.
Expote's ghost hits you but does no damage.
You are electrocuted!
* * * LOW HITPOINT WARNING * * *
The hippogriff bites you but does no damage.
The hippogriff pecks you.
* * * LOW HITPOINT WARNING * * *
The hippogriff claws you.
You die...

#.........###....#########
#.............#..'.....#
#..........#####.#.....#
#..........# #####'###
##########.# ###.....###
###.# #.#.....#..
####...#####.#######..
#..........#..........
#....♣.....#..........
#...WH................
#..........#..........
#..........###########
#..........# #
#..........# #
...........# #
........♣♣..# # .≈≈ ≈.. #


You could see a hippogriff and Expote's ghost.

Vanquished Creatures
  Pikel (D:4)
  Grinder (D:6)
  Prince Ribbit (D:5)
  A human (D:7)
  A hungry ghost (D:8)
  Eustachio (D:5)
  4 hogs (D:7)
  A hippogriff (D:7)
  Menkaure (D:7)
  A water moccasin (D:6)
  2 slaves (D:5)
  A black bear (D:6)
  A phantom (D:7)
  Purgy (Sewer)
  4 ogres
  A centaur (D:8)
  5 giant frogs
  A water moccasin skeleton (D:7)
  4 scorpions
  3 killer bees (D:8)
  2 howler monkeys
  2 crimson imps (D:6)
  5 hounds
  2 orc priests
  A centaur skeleton (D:5)
  A jelly (D:5)
  15 orc wizards
  2 iguanas
  6 worker ants
  A hound zombie (D:6)
  A hound skeleton (D:6)
  Robin (D:4)
  A worker ant zombie (D:8)
  3 gnolls (D:2)
  6 adders
  3 shadow imps
  An ooze (D:1)
  An adder skeleton (D:6)
  3 worms
  2 dart slugs
  A giant gecko (D:5)
  27 orcs
  8 giant cockroaches
  12 goblins
  9 hobgoblins
  17 jackals
  7 kobolds
  2 quokkas
  4 ball pythons
  10 bats
  A giant gecko zombie (D:5)
  5 giant newts
  A quokka skeleton (D:5)
  4 rats
203 creatures vanquished.

Vanquished Creatures (others)
  A worker ant (D:5)
1 creature vanquished.

Grand Total: 204 creatures vanquished

Notes
Turn   | Place    | Note
-------+----------+-------------------------------------------
     0 | D:1      | Herrn the Naga Fire Elementalist began the quest for the Orb.
     0 | D:1      | Reached XP level 1. HP: 15/15 MP: 3/3
   158 | D:1      | Reached skill level 1 in Fighting
   158 | D:1      | Reached XP level 2. HP: 25/25 MP: 1/5
  1089 | D:2      | Reached XP level 3. HP: 27/31 MP: 0/6
  1630 | D:2      | Reached XP level 4. HP: 38/38 MP: 7/7
  2239 | D:3      | Found a hide-covered altar of Uskayaw.
  2262 | D:3      | Found a bloodstained altar of Trog.
  2273 | D:3      | Found a glowing drain.
  2288 | D:3      | Reached XP level 5. HP: 45/45 MP: 3/9
  2345 | Sewer    | Entered a sewer
  2348 | Sewer    | Noticed Purgy
  2356 | Sewer    | Killed Purgy
  3000 | D:4      | Reached XP level 6. HP: 54/54 MP: 5/10
  3041 | D:4      | Found an iron altar of Okawaru.
  3109 | D:4      | Became a worshipper of Warmaster Okawaru
  3833 | D:3      | Found a glowing silver altar of Zin.
  4303 | D:4      | Reached XP level 7. HP: 61/61 MP: 8/12
  4363 | D:4      | Reached skill level 5 in Fire Magic
  4409 | D:4      | Noticed Robin
  4412 | D:4      | Killed Robin
  4735 | D:4      | Reached skill level 1 in Axes
  4856 | D:4      | Reached * piety under Okawaru
  5107 | D:5      | Entered Level 5 of the Dungeon
  5348 | D:5      | Noticed cuftamc98's ghost (novice FoFi)
  5641 | D:5      | Noticed Prince Ribbit
  5662 | D:5      | Killed Prince Ribbit
  5662 | D:5      | Reached XP level 8. HP: 56/72 MP: 7/14
  5991 | D:5      | Noticed Pikel
  6046 | D:4      | Killed Pikel
  6046 | D:4      | Reached ** piety under Okawaru
  6046 | D:4      | Reached skill level 1 in Armour
  6396 | D:5      | Reached skill level 5 in Spellcasting
  6424 | D:5      | Noticed Eustachio
  6433 | D:5      | Killed Eustachio
  6433 | D:5      | Reached XP level 9. HP: 79/79 MP: 8/16
  6818 | D:6      | Noticed Grinder
  7020 | D:6      | Reached *** piety under Okawaru
  7426 | D:6      | Reached skill level 5 in Fighting
  7493 | D:6      | Reached skill level 5 in Conjurations
  8302 | D:6      | Killed Grinder
  8393 | D:7      | Found a shadowy altar of Dithmenos.
  8474 | D:7      | Noticed Expote's ghost (novice DrEn)
  8505 | D:8      | Found Mekkesak's Book Boutique.
  8545 | D:8      | Found Ifra's Food Shop.
  8566 | D:8      | Found Xyij's Distillery.
  8924 | D:8      | Bought a potion of lignification for 33 gold pieces
  9018 | D:8      | Found Ypeduicaiff's Armour Shop.
  9024 | D:8      | Found Obla's Armour Shop.
  9165 | D:8      | Reached skill level 5 in Dodging
  9165 | D:8      | Reached XP level 10. HP: 91/91 MP: 10/19
  9328 | D:8      | Found a staircase to the Lair.
  9687 | D:8      | Reached **** piety under Okawaru
  9806 | D:8      | Found a sparkling altar of Nemelex Xobeh.
  9899 | D:7      | Found a staircase to the Ecumenical Temple.
  9915 | Temple   | Entered the Ecumenical Temple
 10058 | D:7      | Found a glowing golden altar of the Shining One.
 10082 | D:7      | Reached skill level 5 in Axes
 10138 | D:7      | Noticed Menkaure
 10319 | D:7      | Killed Menkaure
 10571 | D:7      | Found a radiant altar of Vehumet.
 10571 | D:7      | Found a bloodstained altar of Trog.
 10887 | D:7      | Got a scorched pewter amulet
 10889 | D:7      | Identified the amulet of Incredulity {Faith rF+ rN+ Dex+4} (You took it off an orc on level 7 of the Dungeon)
 11140 | D:7      | HP: 3/138 [hippogriff (5)]
 11140 | D:7      | Slain by a hippogriff

Vault maps used:
D:1:      minmay_arrival_diagonal_passages, hex_medium
D:3:      nicolae_overflow_hidden_temple, nicolae_overflow_crystal_walls,
          first_bread, portal_sewer_entry_c, bloody_trog
D:4:      kennysheep_flooded_box, okawaru_metal_pillars_1_2, uniq_robin
D:5:      uniq_eustachio, uniq_prince_ribbit1, uniq_pikel
D:6:      minivault_5, uniq_grinder
D:7:      lemuel_round_altar, lemuel_crystal_altar,
          gammafunk_temple_overflow_wave, grunt_livestock, nrook_mini_backslash,
          hangedman_decor_points, minmay_holes, serial_bayou_pond_d,
          nicolae_xom_altar_mimics, uniq_menkaure
D:8:      lemuel_coloured_pillars_altar, lair_0_dummy, serial_shops, shop,
          shop_statue, nicolae_shop_waterfront, kennysheep_mini_moat,
          nicolae_shop_behind_doors
Temple:   dshaligram_water_room_temple
Sewer:    kennysheep_door_sewer

Skill      XL: |  1  2  3  4  5  6  7  8  9 10 |
---------------+-------------------------------+-----
Fighting       | 1 2 3 4 5 6 |  6.4
Dodging        | 2 3 5 |  5.5
Fire Magic     | 4 5 |  5.0
Conjurations   | 2 3 4 5 |  5.9
Spellcasting   | 3 4 5 6 |  6.9
Axes           | 2 3 4 5 |  5.3
Armour         | 1 2 |  2.3
Stealth        | |  3.0

Action                   |  1- 3 |  4- 6 |  7- 9 | 10-12 || total
-------------------------+-------+-------+-------+-------++-------
Melee: Club              |    18 |    12 |       |       ||    30
       Hand axe          |       |       |   157 |       ||   157
       Broad axe         |       |       |       |    30 ||    30
 Cast: Flame Tongue      |    27 |    74 |   192 |    94 ||   387
Invok: Heroism           |       |       |     3 |     2 ||     5
 Abil: Spit Poison       |    33 |    44 |    81 |    28 ||   186
Evoke: Wand              |       |       |     4 |       ||     4
  Use: Scroll            |       |     6 |     6 |     1 ||    13
       Potion            |       |       |     3 |     6 ||     9
  Eat: Chunk             |     4 |     6 |     5 |     6 ||    21
       Bread ration      |       |     1 |     1 |       ||     2
       Pizza             |       |       |     1 |       ||     1
       Meat ration       |       |       |     1 |       ||     1
Armor: Robe              |    10 |     7 |    71 |    20 ||   108
       Ice dragon armour |       |       |    34 |       ||    34
       Skin              |       |       |       |    64 ||    64
Dodge: Dodged            |    19 |    29 |   176 |    50 ||   274
